Crawldragon, lawful male human Archeologist -------------- ----- ........>....| |...| ---------- |.......^...(-# #-.<.-#####.........| ----.---------# #|...|# |.>......| #### # #|...|# |........| # # #-----# |........| | ## # # # .........-# |)) --|------.----- # # # ------.---# |[)..#I###|.............| # # # # # |)) #..............| # # # # # --- |.............| ################## # ## |.............| #----------# # # # |..............######|........|# # # ### ------ --------------- #|........|# # -------.-- # |...*| #|........|# # |*.......| ##.....| #|........|# ### |.........# |....| #|........-# # |........| ------ #-........|##########-........| ---------- * ---------- Crawldragon the Field Worker Experience level: 3 Strength: 15 Dexterity: 10 Constitution: 9 Intelligence: 14 Wisdom: 14 Charisma: 13 Health: 0(26) Energy: 13(13) Def: 2 Gold: 0 Moves: 786 Dungeon seed: p4JF8Bq5IA2-sY04 Game ID: Crawldragon_1496371747 Your Inventory: Amulets l - an uncursed amulet of ESP Weapons a - an uncursed +2 bullwhip h - an uncursed +0 boomerang (in quiver) Armor e - an uncursed +0 leather jacket (being worn) n - an uncursed +0 fedora r - an uncursed +0 orcish helm (being worn) Comestibles b - 5 uncursed food rations k - an uncursed lichen corpse Scrolls i - an uncursed scroll of identify m - an uncursed scroll of create monster o - an uncursed scroll of scare monster Wands d - an uncursed wand of light (0:12) p - an uncursed wand of fire (0:6) Tools c - an uncursed +0 pick-axe (weapon in hand) f - an uncursed sack g - an uncursed tin opener j - an uncursed tin whistle Gems q - an uncursed touchstone Spells and supernatural/magical abilities: Name Level Category Fail Memory W - pray for help -- divine ? -- Your skills at the end: Miscellaneous Skills wands [Basic] Weapon Skills pick-axe [Basic] boomerang [Basic] whip [Basic] Spellcasting Skills Final Attributes: You were fervently aligned. Your writing hand was a little cramped from use. You were very stealthy. You were fast. You are dead. Vanquished creatures: a coyote a gecko a jackal 2 kobolds 2 newts a goblin 6 grid bugs 2 bats 2 lichens 18 creatures vanquished. Voluntary challenges: You did not adorn yourself with jewelry or accessories. You did not cause conflict. You were not invisible. You did not have reflection. You were not displaced. You were an atheist. You used a wielded weapon 19 times, starting on turn 6. You did not apply a unicorn horn. You did not use plumbed fixtures. You did not drink any magical draughts. You read items or engraved 2 times, starting on turn 712. You never genocided any monsters. You never polymorphed an object. You never changed form. You used no wishes. You never split a pudding. You wrote Elbereth's name 1 time, starting on turn 713. You never violated your personal moral code. Dungeon overview: The Dungeons of Doom: levels 1 to 2 Level 1 a long staircase Level 2 <- You were here a weapon shop a long staircase History has recorded: On T:1 you entered the Dungeons of Doom to retrieve the Amulet of Yendor! On T:353 you reached level 2 of The Dungeons of Doom. On T:384 you advanced to experience level 2. On T:679 you advanced to experience level 3. Score breakdown: Gold: 0 ( 0 points) Experience: 3 levels ( 200 points) Exploration: 2 levels ( 30 points) Discoveries: 8 items ( 400 points) Variety of kills: 9 monsters ( 450 points) Major goal: (nothing yet) ( 0 points) Survival: died (score multiplied by 3) Total score: 3240 Latest messages: That door is closed. You start chopping at the door. This door seems too hard to dig into. WHAMMM!!! WHAMMM!!! WHAMMM!!! As you kick the door, it crashes open! "How dare you break my door?" Urignac zaps a steel wand! The sleep ray hits you! The sleep ray hits something. The wand hits it. You die... Urignac takes all your possessions. The sack is empty. The sack is empty. Final status: Goodbye Crawldragon the Archeologist, killed by a force bolt, while sleeping... You died in The Dungeons of Doom on dungeon level 2 with 3240 points, and 0 pieces of gold, after 786 moves. You were level 3 with a maximum of 26 hit points when you died.